 Dungeon Crawl Stone Soup version 0.24.0-1-gfbc8707 (webtiles) character file.

Game seed: 18149765543438162319, levelgen mode: deterministic

244 Illumine the Ruffian (level 5, -1/42 HPs)
             Began as a Minotaur Hunter on Nov 12, 2019.
             Slain by a slave (3 damage)
             ... led by Pikel
             ... on level 4 of the Dungeon on Nov 13, 2019.
             The game lasted 00:05:23 (3821 turns).

Illumine the Ruffian (Minotaur Hunter)              Turns: 3821, Time: 00:05:23

Health: -1/42      AC:  8    Str: 17    XL:     5   Next: 83%
Magic:  4/4        EV: 10    Int:  8    God:
Gold:   240        SH:  0    Dex: 11    Spells: 4/4 levels left

rFire    . . .     SeeInvis .   y - +0 war axe
rCold    . . .     Gourm    .   (no shield)
rNeg     . . .     Faith    .   q - +1 scale mail
rPois    +         Spirit   .   (helmet restricted)
rElec    .         Reflect  .   (no cloak)
rCorr    .         Harm     .   (no gloves)
MR       +....                  (no boots)
Stlth    ..........             (no amulet)
HPRegen  0.14/turn              i - ring of poison resistance
MPRegen  0.09/turn              x - ring of protection from magic

@: no status effects
A: retaliatory headbutt, horns 2
a: no special abilities


You were on level 4 of the Dungeon.
You were not hungry.

You visited 1 branch of the dungeon, and saw 4 of its levels.

You collected 240 gold pieces.

Inventory:

Hand Weapons
 a - a +1 hand crossbow
 y - a +0 war axe (weapon)
Missiles
 d - 20 bolts
 p - 12 poisoned darts (quivered)
 u - 5 boomerangs
Armour
 c - a +0 leather armour
 q - a +1 scale mail (worn)
Jewellery
 i - a ring of poison resistance (left hand)
 t - an uncursed ring of resist corrosion
 x - a ring of protection from magic (right hand)
Wands
 v - a wand of paralysis (10)
Scrolls
 e - 4 scrolls of identify {unknown}
 m - 4 scrolls of teleportation {unknown}
 n - 2 scrolls of remove curse {unknown}
 o - 4 scrolls of magic mapping {unknown}
Potions
 b - a potion of haste {unknown}
 g - a potion of invisibility {unknown}
 j - a potion of mutation {unknown}
 k - 2 potions of lignification {unknown}
 l - a potion of might {unknown}
 r - 2 potions of ambrosia {unknown}
 s - a potion of degeneration {unknown}
 w - a potion of brilliance {unknown}
Comestibles
 f - 11 rations


   Skills:
 + Level 2.5 Fighting
 * Level 0.0 Axes
 - Level 4.3 Crossbows
 + Level 3.7 Armour
 - Level 2.3 Dodging
 - Level 0.7 Stealth
 - Level 5.0 Unarmed Combat


You had 4 spell levels left.
You didn't know any spells.
Your spell library contained the following spells:

 Spells                   Type           Power        Failure   Level  Hunger
 Animate Skeleton         Necr           N/A          80%         1    ##.....
 Apportation              Tloc           #.....       80%         1    ##.....
 Confusing Touch          Hex            #.....       80%         1    ##.....
 Summon Small Mammal      Summ           #...         80%         1    ##.....


Dungeon Overview and Level Annotations

Branches:
Dungeon (4/15)
 Temple: D:4-7

Altars:
Dithmenos
Makhleb
Qazlal
Vehumet

Shops:
D:4 (

Annotations:
D:4 Pikel


Innate Abilities, Weirdness & Mutations

You reflexively headbutt those who attack you in melee.
You have a pair of horns on your head.


Message History

Pikel is lightly wounded.
You hit the slave. You barely miss the slave.
Pikel hits you with a +1 whip of freezing!
Pikel freezes you. The slave hits you.
* * * LOW HITPOINT WARNING * * *
The slave hits you.
* * * LOW HITPOINT WARNING * * *
Pikel hits you with a +1 whip of freezing.
* * * LOW HITPOINT WARNING * * *
Pikel freezes you.
* * * LOW HITPOINT WARNING * * *
The slave closely misses you.
Okay, then.
As you read the scroll labeled MUTHIW UB PEB, it crumbles to dust.
It is a scroll of enchant armour.
Your +0 scale mail glows green for a moment.
The slave hits you.
* * * LOW HITPOINT WARNING * * *
The slave hits you.
You die...

########
##......##
##........# ###
#.........# ..####
#.........# .....#
#.........# .....
##........##
##...#
#.........###ppp.#
#..........##@K.#
##.......#..#.p.#
#......###.....#
##.....# ##....#
#....## #....#
#....# .....#
#####....#
#......#
##..##...##
#........
.........#
##..##...#


You could see Pikel and 4 slaves.

Vanquished Creatures
  Terence (D:2)
  2 worker ants (D:4)
  Robin (D:2)
  7 adders
  An ooze (D:2)
  2 worms
  A dart slug (D:1)
  3 leopard geckos
  2 orcs
  4 ball pythons
  3 giant cockroaches
  17 goblins
  10 hobgoblins
  4 quokkas
  7 bats
  A frilled lizard (D:1)
  A jackal skeleton (D:4)
  7 kobolds
  A quokka skeleton (D:4)
  5 rats
80 creatures vanquished.

Notes
Turn   | Place    | Note
-------+----------+-------------------------------------------
     0 | D:1      | Illumine the Minotaur Hunter began the quest for the Orb.
     0 | D:1      | Reached XP level 1. HP: 18/18 MP: 0/0
   537 | D:1      | Reached skill level 1 in Unarmed Combat
   537 | D:1      | Reached XP level 2. HP: 25/25 MP: 1/1
   548 | D:1      | Reached skill level 1 in Armour
  1244 | D:2      | Reached skill level 2 in Unarmed Combat
  1244 | D:2      | Reached XP level 3. HP: 23/30 MP: 2/2
  1323 | D:2      | Noticed Robin
  1331 | D:2      | Killed Robin
  1483 | D:2      | Noticed Terence
  1494 | D:2      | Killed Terence
  1494 | D:2      | Reached skill level 3 in Unarmed Combat
  1494 | D:2      | Reached XP level 4. HP: 26/37 MP: 3/3
  1871 | D:2      | Found a stormy altar of Qazlal.
  1871 | D:2      | Found a burning altar of Makhleb.
  1955 | D:2      | Found a radiant altar of Vehumet.
  2318 | D:3      | Reached skill level 4 in Unarmed Combat
  2377 | D:3      | Found a shadowy altar of Dithmenos.
  2448 | D:3      | Reached XP level 5. HP: 42/42 MP: 4/4
  3609 | D:4      | Reached skill level 5 in Unarmed Combat
  3756 | D:4      | Found Zemyc's Weapon Emporium.
  3811 | D:4      | Noticed a slave
  3811 | D:4      | Noticed a slave
  3815 | D:4      | Noticed Pikel
  3816 | D:4      | Noticed a slave
  3817 | D:4      | Noticed a slave
  3821 | D:4      | HP: 2/42 [slave[Pikel] (1)]
  3821 | D:4      | Slain by a slave

Levels and vault maps discovered:
D:1:      lemuel_arrival_muddy, layout_basic, wad_floor_pattern_2,
          minmay_liquid_box
D:2:      minmay_inner_zag, layout_basic, marbit_many_paths,
          gammafunk_temple_overflow_wave, uniq_terence, uniq_robin
D:3:      layout_basic, chequers_serial_rivers_small_a, serial_park_tiny_pond,
          nicolae_dithmenos_shadow_blocks
D:4:      layout_cave_pods, serial_shops, shop_coins, hangedman_decor_lopped,
          minmay_goblin_kobold_house, uniq_pikel

Skill      XL: |  1  2  3  4  5 |
---------------+----------------+-----
Unarmed Combat | 1 2 3 4 5 |  5.0
Armour         | 1 2 3 |  3.7
Fighting       | |  2.5
Crossbows      | |  4.3
Dodging        | |  2.3
Stealth        | |  0.7

Action                   |  1- 3 |  4- 6 || total
-------------------------+-------+-------++-------
Melee: Unarmed           |    90 |   149 ||   239
       Headbutt          |    16 |    26 ||    42
       Punch             |       |     1 ||     1
       War axe           |       |     7 ||     7
 Fire: Hand crossbow     |     2 |       ||     2
  Use: Scroll            |       |     1 ||     1
  Eat: Chunk             |     2 |     7 ||     9
Armor: Leather armour    |    18 |       ||    18
       Scale mail        |       |    68 ||    68
Dodge: Dodged            |    36 |    80 ||   116
